 Dungeon Crawl Stone Soup version 0.32-a0-685-g93135e86f0 (webtiles) character file.

Game seed: 9301613366385189570

122418 NateTC the Warrior (level 16, -1/155 HPs)
             Began as a Mountain Dwarf Fighter on Mar 9, 2024.
             Was the Champion of Okawaru.
             Killed by divine providence
             ... invoked by an orc priest
              (7 damage)
             ... on level 2 of the Orcish Mines on Mar 12, 2024.
             The game lasted 01:13:37 (17197 turns).

NateTC the Warrior (Mountain Dwarf Fighter)        Turns: 17197, Time: 01:13:37

Health: -1/155     AC: 37    Str: 27    XL:     16   Next: 34%
Magic:  25/25      EV:  6    Int: 12    God:    Okawaru [******]
Gold:   2025       SH: 21    Dex: 20    Spells: 15/15 levels left

rFire   + . .        M - +7 morningstar of the Festooned God {heavy, Int+3}
rCold   . . .        q - +2 tower shield
rNeg    . . .        R - +10 crystal plate armour of the Blue Moon {rPois Dex+5 Slay-5}
rPois   +            n - +0 hat
rElec   .            T - scarf {+Inv}
rCorr   .            k - +1 pair of gloves
SInv    .            a - +2 pair of boots
Will    +....        h - amulet of regeneration Stlth
                     L - ring of protection from fire
HPRegen 1.25/turn    A - +6 ring of dexterity
MPRegen 0.19/turn

%: no passive effects
@: about to teleport
A: runic magic, artefact enchanting
a: Renounce Religion, Evoke Invisibility, Heroism, Finesse, Duel


You were on level 2 of the Orcish Mines.
You worshipped Okawaru.
Okawaru was exalted by your worship.
You visited 4 branches of the dungeon, and saw 22 of its levels.
You also visited: Ossuary.

You collected 2083 gold pieces.
You spent 58 gold pieces at shops.

Inventory:

Hand Weapons
 b - a +6 morningstar of protection
 M - the +7 morningstar of the Festooned God (weapon) {heavy, Int+3}
   (Okawaru gifted it to you on level 2 of the Lair of Beasts)

   Int+3:     It affects your intelligence (+3).
Armour
 a - a +2 pair of boots (worn)
 k - a +1 pair of gloves (worn)
 n - a +0 hat (worn)
 q - a +2 tower shield (worn)
 R - the +10 crystal plate armour of the Blue Moon (worn) {rPois Dex+5 Slay-5}
   (Okawaru gifted it to you on level 2 of the Lair of Beasts)

   Dex+5:     It affects your dexterity (+5).
   Slay-5:    It affects your accuracy & damage with ranged weapons and melee
   (-5).
   rPois:     It protects you from poison.
 T - a scarf of invisibility (worn)
Jewellery
 h - an amulet of regeneration (around neck)
 t - a ring of willpower
 y - a ring of protection from cold
 A - a +6 ring of dexterity (right hand)
 H - a ring of willpower
 L - a ring of protection from fire (left hand)
 N - a ring of resist corrosion
 P - a ring of poison resistance
 Q - an amulet of reflection
 U - a +5 ring of evasion
 Z - the ring of the Serpent {Fire rCorr Str+4 Int+5 SInv}
   (You found it on level 4 of the Lair of Beasts)

   [ring of fire]

   Fire:      It enhances your fire magic.
   Str+4:     It affects your strength (+4).
   Int+5:     It affects your intelligence (+5).
   rF+:       It protects you from fire.
   rC-:       It makes you vulnerable to cold.
   SInv:      It lets you see invisible.
   rCorr:     It protects you from acid and corrosion.
Talismans
 f - a serpent talisman
Wands
 g - a wand of iceblast (9)
 r - a wand of digging (4)
 w - a wand of quicksilver (25)
 F - a wand of flame (70)
 I - a wand of paralysis (28)
 K - a wand of mindburst (8)
 W - a wand of polymorph (6)
Scrolls
 c - 2 scrolls of silence
 e - 3 scrolls of fear
 m - 4 scrolls of immolation
 u - a scroll of torment
 v - 17 scrolls of identify
 x - 3 scrolls of revelation
 D - 6 scrolls of teleportation
 G - 4 scrolls of poison
 X - a scroll of fog
Potions
 d - 5 potions of might
 i - a potion of resistance
 j - 2 potions of attraction
 l - a potion of berserk rage
 o - 2 potions of heal wounds
 p - 3 potions of haste
 s - 4 potions of invisibility
 z - a potion of magic
 B - 9 potions of curing
 C - 2 potions of cancellation
 J - a potion of enlightenment
 O - 2 potions of mutation
 S - 2 potions of lignification


   Skills:
 * Level 17.2 Fighting
 - Level 6.6(12.0) Axes
 - Level 15.4(16.0) Maces & Flails
 - Level 12.1 Armour
 - Level 4.0 Dodging
 - Level 12.0 Shields
 - Level 12.1 Invocations
 + Level 8.0 Evocations


You had 15 spell levels left.
You didn't know any spells.
Your spell library contained the following spells:

 Spells                   Type           Power      Damage    Failure   Level
 Freeze                   Ice            0%         1d3       91%         1
 Magic Dart               Conj           0%         1d3       91%         1
 Sting                    Conj/Alch      0%         1d3       91%         1
 Blink                    Tloc           0%         N/A       97%         2
 Lesser Beckoning         Tloc           0%         N/A       97%         2
 Mercury Vapours          Alch/Air       0%         N/A       97%         2
 Scorch                   Fire           0%         2d5       97%         2
 Dazzling Flash           Conj/Hex       0%         N/A       99%         3
 Frozen Ramparts          Ice            0%         1d1       99%         3
 Gell's Gravitas          Tloc           0%         N/A       99%         3
 Hailstorm                Conj/Ice       0%         3d5       99%         3
 Inner Flame              Hex/Fire       0%         N/A       99%         3
 Teleport Other           Tloc           0%         N/A       99%         3
 Brom's Barrelling Bould  Conj/Erth      0%         2d3       100%        4
 Flame Wave               Conj/Fire      0%         2d4       100%        4
 Olgreb's Toxic Radiance  Alch           0%         N/A       100%        4
 Passage of Golubria      Tloc           0%         N/A       100%        4
 Sticky Flame             Fire/Alch      0%         2d4       100%        4
 Fireball                 Conj/Fire      0%         3d3       100%        5
 Iskenderun's Battlesphe  Conj           0%         2d6       100%        5
 Yara's Violent Unravell  Hex/Alch       0%         3d3       100%        5
 Conjure Ball Lightning   Conj/Air       0%         3x3d6     100%        6
 Permafrost Eruption      Ice/Erth       0%         2x4d2     100%        6
 Starburst                Conj/Fire      0%         6d3       100%        6
 Orb of Destruction       Conj           0%         9d5       100%        7
 Maxwell's Capacitive Co  Air            0%         ∞         100%        8
 Chain Lightning          Conj/Air       0%         N/A       100%        9
 Fire Storm               Conj/Fire      0%         5d1       100%        9
 Shatter                  Erth           0%         3d5*      100%        9
 Call Imp                 Summ           Unusable   N/A       N/A         2
 Summon Ice Beast         Ice/Summ       Unusable   N/A       N/A         3
 Tukima's Dance           Hex            Unusable   N/A       N/A         3
 Sculpt Simulacrum        Ice/Alch       Unusable   N/A       N/A         6
 Summon Cactus Giant      Summ           Unusable   N/A       N/A         6

Dungeon Overview and Level Annotations

Branches:
Dungeon (14/15) Zot: 26055  Temple (1/1) D:6 Zot: 5940    Lair (5/5) D:11 Zot: 24102
  Swamp (0/4) Lair:2       Spider (0/4) Lair:3        Slime (0/5) Lair:5
    Orc (2/2) D:11 Zot: 11620     Elf (0/3) Orc:2        Vaults (0/5) D:13
Ossuary (visited)

Altars:
Ashenzari
Cheibriados
Dithmenos
Elyvilon
Fedhas
Gozag
Hepliaklqana
Kikubaaqudgha
Makhleb
Nemelex Xobeh
Okawaru
Qazlal
Ru
Sif Muna
Trog
Uskayaw
Wu Jian
Xom
Yredelemnul
Zin
The Shining One
Beogh
Jiyva

Shops:
D:1 [   D:2 [   D:9 *

Annotations:
D:7 1 runed translucent door, Crazy Yiuf


Innate Abilities, Weirdness & Mutations

Your spellcasting is much less encumbered by armour.
You can use scrolls of enchantment on lesser artefacts.


Message History

You are too injured to fight recklessly!
You are too injured to fight recklessly!
You are too injured to fight recklessly!
You are too injured to fight recklessly!
You are too injured to fight recklessly!
You are too injured to fight recklessly!
You are too injured to fight recklessly!
You are too injured to fight recklessly!
As you read the scroll of teleportation, it crumbles to dust.
You feel strangely unstable. You block the orc's attack.
The orc priest calls down the wrath of Beogh upon you.
Beogh smites you!
* * * LOW HITPOINT WARNING * * *
The orc priest miscasts a cantrip.
You block the orc's attack. x2; The orc hits you but does no damage.
You block the orc warrior's attack.
The orc warrior hits you but does no damage. x2
The orc hits you but does no damage.
You sock the orc warrior!
You kill the orc warrior!
Okawaru accepts your kill. You block the orc's attack.
The orc priest invokes the aid of Beogh against you.
Beogh smites you!
* * * LOW HITPOINT WARNING * * *
You block the orc's attack.
The orc priest calls down the wrath of Beogh upon you.
Beogh smites you!
* * * LOW HITPOINT WARNING * * *
You block the orc's attack.
An orc comes into view. It is wielding a +0 club.
You block the orc's attack.
The orc warrior hits you from afar with a +2 vampiric halberd!
* * * LOW HITPOINT WARNING * * *
The orc warrior hits you but does no damage.
The orc knight hits you but does no damage.
The orc hits you but does no damage.
The orc priest calls down the wrath of Beogh upon you.
Beogh smites you!
You die...

#..............
#...............#
#...............#
.#...............#
......o..........#
o....oooo........#
....ooooo........#
#.oooo@o$.......#
#...oooo........#
#...ooo.........#
#.....o..).....##
#...............#
#...............#
###.............#
...............#
..............##


You could see an orc knight, 3 orc warriors, 8 orc priests and 12 orcs.

Vanquished Creatures
  The ghost of Implojin the Spry, a journeyman CoDe of Hepliaklqana (Lair:4)
  Azrael (D:13)
  Nessos (D:14)
  The ghost of SageDae the Severer, a journeyman MDFi of Ru (Lair:3)
  A fire dragon (Lair:5)
  A yaktaur captain (D:13)
  9 hydras
  4 boulder beetles
  2 centaur warriors
  5 two-headed ogres
  5 death yaks
  A hell hog (Lair:5)
  An orc high priest (Orc:2)
  6 skysharks
  Pikel (D:7)
  2 lindwurms (Lair:5)
  10 ugly things
  2 cyclopes
  13 elephants
  5 manticores
  3 black mambas
  Joseph (D:8)
  9 torpor snails
  3 gargoyles
  An unseen horror (D:10)
  17 cane toads
  Maggie (D:8)
  11 komodo dragons
  2 yaktaurs (D:13)
  4 rime drakes
  7 trolls
  9 polar bears (Lair:5)
  Prince Ribbit (D:8)
  4 tyrant leeches
  9 hornets
  Grinder (D:6)
  7 raiju (Lair:5)
  3 dream sheep (Lair:3)
  2 jumping spiders (Lair:3)
  12 blink frogs
  8 slime creatures
  A shadow (D:13)
  A centaur simulacrum (D:13)
  A vampire (D:12)
  3 culicivoras (Lair:3)
  A wraith (D:10)
  Eustachio (D:4)
  5 fire elementals (D:13)
  2 wyverns
  56 yaks
  3 wargs (Lair:5)
  4 vampire mosquitoes (D:11)
  A steam dragon (D:9)
  2 redbacks (Lair:3)
  7 basilisks
  2 swamp worms (Lair:2)
  A harpy simulacrum (D:14)
  18 water moccasins
  2 acid dragons
  13 hell hounds
  13 orc warriors
  2 sky beasts (D:7)
  4 ogres
  A swamp drake (D:11)
  14 black bears
  8 centaurs
  2 laughing skulls (D:13)
  28 wolves
  A lemure (D:7)
  3 kobold brigands
  15 bullfrogs
  6 scorpions
  7 wights
  14 killer bees
  2 howler monkeys
  5 electric eels
  A jelly (D:3)
  A bombardier beetle (D:5)
  A centaur zombie (Ossuary)
  5 hounds
  9 orc priests
  4 human zombies (Ossuary)
  3 iguanas
  9 orc wizards
  7 scorpion zombies (Ossuary)
  A sleepcap (D:7)
  Ijyb (D:3)
  Natasha (thrice) (D:4)
  3 mummies (Ossuary)
  11 adders
  A shadow imp (D:7)
  A white imp (D:8)
  2 ufetubi (D:6)
  2 adder zombies (Ossuary)
  6 dart slugs
  2 ribbon worms (D:3)
  55 orcs
  14 ball pythons
  9 endoplasms
  2 giant cockroaches
  4 gnoll zombies (Ossuary)
  3 goblins
  8 hobgoblins
  2 jackals (D:4)
  3 quokkas
  2 ball python zombies (Ossuary)
  3 bats
  7 frilled lizards
  16 kobolds
  3 orc zombies (Ossuary)
  5 rats
645 creatures vanquished.

Vanquished Creatures (others)
  A polar bear (Lair:5)
  A warg (Lair:5)
  A black bear (Lair:5)
3 creatures vanquished.

Grand Total: 648 creatures vanquished

Notes
Turn   | Place    | Note
-------+----------+-------------------------------------------
     0 | D:1      | NateTC the Mountain Dwarf Fighter began the quest for the
                  | Orb.
     0 | D:1      | Reached XP level 1. HP: 19/19 MP: 1/1
    63 | D:1      | Reached XP level 2. HP: 26/26 MP: 2/2
   327 | D:1      | Found Tiw Mura's Armour Shoppe.
   345 | D:1      | Reached XP level 3. HP: 33/33 MP: 3/3
   861 | D:2      | Reached skill level 4 in Fighting
   896 | D:2      | Reached XP level 4. HP: 40/40 MP: 4/4
  1190 | D:2      | Found Vythos's Antique Armour Emporium.
  1207 | D:2      | Reached skill level 5 in Axes
  1326 | D:3      | Reached XP level 5. HP: 44/46 MP: 5/5
  1386 | D:3      | Reached XP level 6. HP: 33/52 MP: 6/6
  1472 | D:3      | Identified the +6 falchion "Iplo" {freeze, +Blink Str-4
                  | Int+2 Dex+5}
  1872 | D:3      | Noticed Ijyb
  1883 | D:3      | Killed Ijyb
  1884 | D:3      | Reached skill level 1 in Maces & Flails
  1924 | D:4      | Noticed Eustachio
  1936 | D:4      | Killed Eustachio
  2094 | D:4      | Found a sand-covered staircase.
  2104 | D:4      | Identified the ring "Caulu" {Ice rN+ Will+}
  2113 | D:4      | Reached skill level 5 in Armour
  2113 | D:4      | Reached XP level 7. HP: 55/59 MP: 7/7
  2136 | Ossuary  | Entered an ossuary
  2240 | Ossuary  | Reached skill level 5 in Maces & Flails
  2367 | Ossuary  | Reached XP level 8. HP: 28/66 MP: 8/8
  2572 | D:4      | Noticed Natasha
  2580 | D:4      | Killed Natasha
  2749 | D:4      | Noticed Natasha
  2756 | D:4      | Killed Natasha
  2831 | D:4      | Noticed Natasha
  2834 | D:4      | Killed Natasha
  2919 | D:5      | Entered Level 5 of the Dungeon
  2954 | D:5      | Found a shimmering blue altar of Sif Muna.
  3267 | D:5      | Reached skill level 5 in Fighting
  3634 | D:6      | Reached XP level 9. HP: 71/74 MP: 9/9
  3659 | D:6      | Reached skill level 10 in Maces & Flails
  3662 | D:6      | Reached skill level 6 in Fighting
  3694 | D:6      | Found an ancient bone altar of Kikubaaqudgha.
  3746 | D:6      | Noticed Grinder
  3766 | D:6      | Killed Grinder
  3889 | D:6      | Found a staircase to the Ecumenical Temple.
  3901 | Temple   | Entered the Ecumenical Temple
  3944 | Temple   | Became a worshipper of Warmaster Okawaru
  3980 | D:6      | Found an ornate altar of the Wu Jian Council.
  4039 | D:6      | Found a burning altar of Makhleb.
  4056 | D:6      | Found a hazy altar of Hepliaklqana.
  4643 | D:7      | Reached skill level 7 in Fighting
  4770 | D:7      | Noticed Pikel
  4784 | D:7      | Killed Pikel
  4784 | D:7      | Reached * piety under Okawaru
  4819 | D:7      | Found a shimmering altar of Xom.
  4820 | D:7      | Found an opulent altar of Gozag.
  4876 | D:7      | Found a runed translucent door.
  4877 | D:7      | Noticed Crazy Yiuf
  4925 | D:7      | Reached XP level 10. HP: 88/88 MP: 10/10
  4969 | D:7      | Reached ** piety under Okawaru
  4983 | D:7      | Reached skill level 8 in Fighting
  5486 | D:8      | Noticed Joseph
  5496 | D:8      | Killed Joseph
  5529 | D:8      | Noticed Maggie
  5541 | D:8      | Killed Maggie
  5636 | D:8      | Reached *** piety under Okawaru
  6206 | D:8      | Noticed Prince Ribbit
  6223 | D:8      | Killed Prince Ribbit
  6224 | D:8      | Reached skill level 5 in Shields
  6512 | D:8      | Upgraded the game from 0.32-a0-666-ge8a88695a4 to
                  | 0.32-a0-685-g93135e86f0
  6561 | D:9      | Found Miont's Mass Market.
  6565 | D:9      | Bought a +0 tower shield for 58 gold pieces
  7342 | D:10     | Entered Level 10 of the Dungeon
  7517 | D:10     | Reached **** piety under Okawaru
  7578 | D:10     | Reached XP level 11. HP: 88/94 MP: 11/11
  7838 | D:10     | Noticed a two-headed ogre
  7857 | D:10     | Killed a two-headed ogre
  7857 | D:10     | Reached ***** piety under Okawaru
  7858 | D:10     | Reached skill level 15 in Maces & Flails
  8080 | D:11     | Reached skill level 10 in Shields
  8108 | D:11     | Found a staircase to the Lair.
  8113 | D:11     | Received a gift from Okawaru
  8227 | D:11     | Found a staircase to the Orcish Mines.
  8353 | D:11     | Noticed a two-headed ogre
  8362 | D:11     | Killed a two-headed ogre
  8537 | Lair:1   | Entered Level 1 of the Lair of Beasts
  8639 | Lair:1   | Reached XP level 12. HP: 83/102 MP: 12/12
  8670 | Lair:1   | Reached skill level 1 in Invocations
  8801 | Lair:1   | Received a gift from Okawaru
  8810 | Lair:1   | Reached skill level 9 in Fighting
  9343 | Lair:2   | Reached skill level 10 in Fighting
  9391 | Lair:2   | Reached skill level 5 in Invocations
  9427 | Lair:2   | Reached ****** piety under Okawaru
  9447 | Lair:2   | Noticed a seven-headed hydra
  9447 | Lair:2   | Noticed a seven-headed hydra
  9553 | Lair:2   | Reached skill level 11 in Fighting
  9642 | Lair:2   | Received a gift from Okawaru
  9898 | Lair:2   | Killed a seven-headed hydra
  9996 | Lair:2   | Found a staircase to the Swamp.
 10047 | Lair:2   | Killed a seven-headed hydra
 10272 | Lair:3   | Noticed an eight-headed hydra
 10272 | Lair:3   | Noticed a death yak
 10273 | Lair:3   | Noticed a death yak
 10275 | Lair:3   | Noticed a death yak
 10277 | Lair:3   | Noticed a death yak
 10287 | Lair:2   | Killed an eight-headed hydra
 10335 | Lair:2   | Acquired the +9 crystal plate armour of the Blue Moon
                  | {rPois Dex+5 Slay-5}
 10335 | Lair:2   | Received a gift from Okawaru
 10348 | Lair:2   | Acquired the +6 morningstar of the Festooned God {heavy,
                  | Int+3}
 10348 | Lair:2   | Received a gift from Okawaru
 10383 | Lair:2   | Killed a death yak
 10401 | Lair:2   | Reached XP level 13. HP: 26/117 MP: 18/18
 10587 | D:12     | Found a blossoming altar of Fedhas.
 10784 | D:12     | Received a gift from Okawaru
 10934 | D:12     | Reached skill level 10 in Armour
 11640 | D:13     | Received a gift from Okawaru
 11641 | D:13     | Reached skill level 10 in Invocations
 11662 | D:13     | Noticed Azrael
 11665 | D:13     | Found a gate to the Vaults.
 11673 | D:13     | Killed Azrael
 12320 | Lair:3   | Received a gift from Okawaru
 12360 | Lair:3   | Reached skill level 12 in Fighting
 12424 | Lair:3   | Found a hole to the Spider Nest.
 12455 | Lair:3   | Reached XP level 14. HP: 121/127 MP: 22/22
 12586 | Lair:3   | Received a gift from Okawaru
 12774 | Lair:3   | Reached skill level 13 in Fighting
 12835 | Lair:3   | Found a runed translucent door.
 12835 | Lair:3   | Noticed SageDae's ghost (journeyman MDFi)
 13372 | Lair:3   | Killed SageDae's ghost
 13466 | Lair:4   | Received a gift from Okawaru
 13467 | Lair:4   | Reached skill level 1 in Evocations
 13685 | Lair:4   | Found a transporter.
 13843 | Lair:4   | Found a transporter.
 13849 | Lair:4   | Noticed Implojin's ghost (journeyman CoDe)
 13896 | Lair:4   | Reached skill level 14 in Fighting
 14178 | Lair:4   | Killed Implojin's ghost
 14321 | Lair:4   | Identified the ring of the Serpent {Fire rCorr Str+4 Int+5
                  | SInv}
 14353 | Lair:5   | Entered Level 5 of the Lair of Beasts
 14386 | Lair:4   | Received a gift from Okawaru
 14501 | Lair:5   | Reached skill level 15 in Fighting
 14534 | Lair:5   | Reached skill level 5 in Evocations
 14585 | Lair:5   | Reached XP level 15. HP: 141/141 MP: 24/24
 14682 | Lair:5   | Identified the +1 buckler of Wariness {Rampage ^Drain
                  | Regen+ Stlth+}
 15074 | Lair:5   | Found a viscous altar of Jiyva.
 15077 | Lair:5   | Found a staircase to the Slime Pits.
 15088 | Lair:5   | Received a gift from Okawaru
 15367 | Lair:5   | Reached XP level 16. HP: 117/151 MP: 25/25
 15380 | Lair:5   | Reached skill level 16 in Fighting
 16265 | D:14     | Noticed Nessos
 16275 | D:14     | Killed Nessos
 16516 | D:14     | Received a gift from Okawaru
 16561 | D:14     | Reached skill level 17 in Fighting
 16614 | D:14     | Identified the +7 quarterstaff of Optimality {venom, Will++
                  | Str+3 Dex-5}
 16767 | Orc:1    | Entered Level 1 of the Orcish Mines
 16937 | Orc:2    | Entered Level 2 of the Orcish Mines
 16949 | Orc:2    | Found a staircase to the Elven Halls.
 17142 | Orc:2    | Found a roughly hewn altar of Beogh.
 17197 | Orc:2    | HP: 6/155 [orc warrior/+2 vampiric halberd (9)]
 17197 | Orc:2    | Killed from afar by an orc priest

Illustrated notes

Levels and vault maps discovered:
D:1:      minmay_arrival_shattered_statue, layout_basic, serial_shops, shop,
          minmay_tiny_reverse_x
D:2:      layout_rooms, serial_shops, shop
D:3:      layout_basic, st_stairs_8, uniq_ijyb
D:4:      layout_loops_ring, nicolae_ossuary_entry_ruins, st_stairs_8,
          uniq_eustachio, uniq_natasha
D:5:      wad_crossroads, layout_loops_ring, amcnicky_altar_gilded
D:6:      layout_loops_cross, general_overflow_altar, kennysheep_mini_moat,
          mainiacjoe_overflow_surrounded_room,
          mainiacjoe_overflow_cross_hatched, minmay_temple_entry_junction_2,
          uniq_grinder
D:7:      layout_loops_corners, nicolae_overflow_hidden_temple, uniq_pikel,
          uniq_crazy_yiuf_cottage
D:8:      layout_basic, uniq_prince_ribbit1, uniq_joseph, uniq_maggie
D:9:      layout_irregular_city, minmay_shop_mass, chequers_jeans,
          hangedman_decor_clover_reticule
D:10:     layout_loops_ring
D:11:     layout_basic, due_lair_maze_entry_diamond, orc_0_dummy, pond
D:12:     layout_roguey, fedhas_altar_2
D:13:     layout_loops_corners, david_vaults_2, st_stairs_7, uniq_azrael
D:14:     layout_irregular_city, nicolae_two_hexagons, minmay_crystal_water,
          uniq_nessos
Temple:   eino_temple_water
Lair:1:   layout_loops_ring
Lair:2:   layout_gridlike, palyth_hydra_swamp_entry
Lair:3:   layout_loops_ring, nicolae_spider_entry_tight_spaces,
          ebering_ghost_inner_flame, grunt_megastairs_5,
          infiniplex_staircase_pool
Lair:4:   layout_gridlike, nzn_ghost_randoct, grunt_megastairs_2
Lair:5:   hangedman_lair_caniforms_friends, layout_gridlike, wormcave,
          slime_entry_1, grunt_megastairs_4
Orc:1:    layout_caves, uniq_josephine
Orc:2:    st_orc_pillars, layout_diamond_mine, basic_altar,
          nicolae_orc_flooded_monolith

Skill      XL: |  1  2  3  4  5  6  7  8  9 10 11 12 13 14 15 16 |
---------------+-------------------------------------------------+-----
Axes           | 3 4 5 6 |  6.6
Fighting       | 4 5 7 8 11 12 15 17 | 17.2
Armour         | 4 5 6 8 12 | 12.1
Maces & Flails | 3 6 9 12 14 15 | 15.4
Shields        | 6 12 | 12.0
Invocations    | 7 11 12 | 12.1
Evocations     | 5 6 8 |  8.0
Dodging        | 4 |  4.0

Action                     |  1- 3 |  4- 6 |  7- 9 | 10-12 | 13-15 | 16-18 || total
---------------------------+-------+-------+-------+-------+-------+-------++-------
  Melee: War axe           |    90 |    71 |       |       |       |       ||   161
         Morningstar       |       |    49 |   306 |   688 |   797 |   326 ||  2166
 Invoke: Receive Weapon    |       |       |       |     1 |       |       ||     1
         Receive Armour    |       |       |       |     1 |       |       ||     1
  Evoke: Wand              |       |       |       |     2 |       |       ||     2
    Use: Scroll            |     4 |     5 |    12 |     9 |     6 |     2 ||    38
         Potion            |       |     5 |     1 |     1 |     2 |       ||     9
   Stab: Distracted        |       |       |       |       |     1 |       ||     1
 Armour: Scale mail        |    55 |    56 |       |       |       |       ||   111
         Chain mail        |       |    23 |   273 |    33 |       |       ||   329
         Plate armour      |       |       |       |   386 |       |       ||   386
         Swamp dragon scal |       |       |       |    46 |       |       ||    46
         Crystal plate arm |       |       |       |    54 |   789 |   396 ||  1239
  Dodge: Dodged            |    40 |    69 |   121 |    95 |   105 |    98 ||   528
  Block: Buckler           |    21 |    16 |    68 |    33 |       |       ||   138
         Tower shield      |       |       |       |   556 |  1308 |   640 ||  2504

Table legend: (Time is in decaauts)
 A = Elapsed time spent in this place.
 B = Non-inter-level travel time spent in this place.
 C = Inter-level travel time spent in this place.
 D = Time resting spent in this place.
 E = Time spent auto-exploring this place.
 F = Levels seen in this place.
 G = Mean time per level.
                   A        B        C        D        E       F      G
               +--------+--------+--------+--------+--------+-----+--------+
         Total |  17584 |  16576 |   1008 |    775 |   5964 |  23 |  764.5 |
       Dungeon |  10809 |  10189 |    620 |    410 |   4210 |  14 |  772.1 |
        Temple |     59 |     59 |      0 |      0 |      0 |   1 |   59.0 |
          Lair |   5897 |   5522 |    375 |    335 |   1516 |   5 | 1179.4 |
  Orcish Mines |    378 |    366 |     12 |      0 |    237 |   2 |  189.0 |
       Ossuary |    439 |    439 |      0 |     30 |      0 |   1 |  439.0 |
               +--------+--------+--------+--------+--------+-----+--------+

Top non-repeatable levels by time:
  Lair:5: 1556 daAuts
  Lair:2: 1322 daAuts
  Lair:3: 1187 daAuts
     D:7: 1121 daAuts
    D:13: 1100 daAuts
     D:8: 1060 daAuts
  Lair:4: 990 daAuts
     D:1: 843 daAuts
  Lair:1: 840 daAuts
    D:14: 817 daAuts
     D:9: 798 daAuts
    D:12: 722 daAuts
    D:10: 686 daAuts
     D:5: 684 daAuts
     D:6: 678 daAuts
